 Dungeon Crawl Stone Soup version 0.31.0-11-ge490571c62 (webtiles) character file.

Game seed: 2838956007296464677

305 stipulation the Grave Robber (level 6, 0/28 HPs)
             Began as a Vine Stalker Necromancer on Jan 28, 2024.
             Slain by Ijyb
             ... wielding a +0 dagger
              (4 damage)
             ... on level 4 of the Dungeon.
             The game lasted 00:04:20 (3090 turns).

stipulation the Grave Robber (VSNe)                 Turns: 3090, Time: 00:04:21

Health: 0/28       AC: -1    Str: 10    XL:     6   Next: 39%
Magic:  0/14       EV: 12    Int: 17    God:
Gold:   248        SH:  0    Dex: 15    Spells: 13/14 levels left

rFire   . . .        r - staff of death
rCold   . . .        (no shield)
rNeg    + . .        a - +1 robe
rPois   .            (no helmet)
rElec   .            (no cloak)
rCorr   .            (no gloves)
SInv    .            (no boots)
Will    +....        (no amulet)
Stlth   ++           (no ring)
HPRegen 1.04/turn    (no ring)
MPRegen 0.14/turn

%: guardian spirit
@: about to teleport, corroded, attractive, enlightened, flying
A: fangs 2, regeneration 1, magic shield, antimagic bite, no potion heal 2
a: no special abilities


You were on level 4 of the Dungeon.
You visited 1 branch of the dungeon, and saw 4 of its levels.

You collected 248 gold pieces.

Inventory:

Hand Weapons
 d - a +0 short sword
Armour
 a - a +1 robe (worn)
Magical Staves
 r - a staff of death (weapon)
Jewellery
 e - a ring of fire
 p - a +5 ring of evasion
Scrolls
 f - 2 scrolls of immolation
 h - a scroll of fog
 l - a scroll of vulnerability
 n - 3 scrolls of identify
Potions
 b - a potion of magic
 j - a potion of ambrosia
 m - a potion of lignification {unknown}
 o - a potion of heal wounds {unknown}
 q - a potion of brilliance {unknown}
 s - a potion of enlightenment


   Skills:
 - Level 1.5 Dodging
 - Level 2.4 Stealth
 + Level 4.9 Spellcasting
 + Level 6.0 Necromancy


You had 13 spell levels left.
You knew the following spells:

 Your Spells              Type           Power      Damage    Failure   Level
a - Necrotise             Necr           100%       1d9       1%          1

Your spell library contained the following spells:

 Spells                   Type           Power      Damage    Failure   Level
 Vampiric Draining        Necr           36%        2d8       3%          3
 Animate Dead             Necr           36%        N/A       12%         4
 Shock                    Conj/Air       16%        1d4       14%         1
 Curse of Agony           Necr           36%        N/A       34%         5
 Swiftness                Air            4%         N/A       41%         3
 Airstrike                Air            2%         2d(1-17)  82%         4


Dungeon Overview and Level Annotations

Branches:
Dungeon (4/15)
 Temple: D:4-7

Altars:
Trog
The Shining One

Annotations:
D:4 Ijyb, Menkaure


Innate Abilities, Weirdness & Mutations

You have extremely sharp teeth.
Your natural rate of healing is unusually fast.
When hurt, damage is shared between your health and your magic reserves.
Your bite disrupts and absorbs the magic of your enemies.
Potions cannot restore your health.


Message History

The jelly hits you. The acid corrodes you!
You are splashed with acid!
* * * LOW HITPOINT WARNING * * *
Okay, then.
Ijyb attacks as she pursues you! Ijyb hits you with a +0 dagger.
You feel less confused. Ijyb attacks as she pursues you!
Ijyb barely misses you. The jelly is attracted toward you.
The jelly attacks as it pursues you! The jelly closely misses you.
Ijyb attacks as she pursues you! Ijyb hits you with a +0 dagger.
* * * LOW HITPOINT WARNING * * *
Okay, then.
Ijyb attacks as she pursues you! Ijyb closely misses you.
As you read the scroll labelled VIRAPE ES GIW, it crumbles to dust.
The creatures around you are filled with an inner flame!
It was a scroll of immolation.
Ijyb hits you with a +0 dagger!
* * * LOW HITPOINT WARNING * * *
As you read the scroll labelled GUBBAO YKAPP, it dissolves into smoke.
It was a scroll of fog.
Ijyb screams, "I cut your head off!" Ijyb hits you with a +0 dagger.
* * * LOW HITPOINT WARNING * * *
As you read the scroll labelled RUPREI MOUNA, it crumbles to dust.
It is a scroll of amnesia.
Okay, then.
Ijyb barely misses you.
As you read the scroll labelled AFIHIL HIRETEACSEO, it crumbles to dust.
It is a scroll of identify.
l - a scroll of vulnerability Ijyb zaps a wand.
The bolt of light misses you.
As you read the scroll labelled BEAMNO JEWAL, it crumbles to dust.
It is a scroll of enchant armour.
Your +0 robe glows green for a moment.
Ijyb hits you with a +0 dagger.
* * * LOW HITPOINT WARNING * * *
As you read the scroll labelled DUWKARINUX, it crumbles to dust.
You feel strangely unstable.
It was a scroll of teleportation.
Ijyb closely misses you.
You hit Ijyb but do no damage. You bite Ijyb, but do no damage.
Ijyb is lightly wounded.
Ijyb hits you with a +0 dagger.
You die...

.........##.#
............# ####
............#
#..##
....>.......###
#...###
.............§##
#>....##
....$.....##...##
#......##
.).......#####§J##
#.......#
........##
##g§####.......##
........#
#@§#..##........#
........#
#§§##..##.....###
........#
######..##..###
....##..# ###..###
## ##..## #
##..### ##
###..###. ##.....
##....


You could see Ijyb (inner flame) and a jelly.

Vanquished Creatures
  A water moccasin (D:4)
  2 bombardier beetles
  An iguana (D:4)
  3 adders
  2 dart slugs
  2 ribbon worms
  5 orcs
  10 ball pythons
  4 bats
  4 endoplasms
  5 giant cockroaches
  A goblin (D:2)
  6 hobgoblins
  3 jackals (D:2)
  4 quokkas
  A frilled lizard (D:1)
  4 kobolds
  4 rats
62 creatures vanquished.

Vanquished Creatures (collateral kills)
  An endoplasm (D:1)
  A goblin (D:4)
  A jackal (D:2)
  A quokka (D:4)
4 creatures vanquished.

Grand Total: 66 creatures vanquished

Notes
Turn   | Place    | Note
-------+----------+-------------------------------------------
     0 | D:1      | stipulation the Vine Stalker Necromancer began the quest
                  | for the Orb.
     0 | D:1      | Reached XP level 1. HP: 9/9 MP: 4/4
   127 | D:1      | Reached XP level 2. HP: 13/13 MP: 1/6
   921 | D:2      | Reached XP level 3. HP: 16/16 MP: 4/8
  1230 | D:2      | Found a faded altar of an unknown god.
  1367 | D:2      | Reached XP level 4. HP: 21/21 MP: 3/10
  1631 | D:3      | Found a glowing golden altar of the Shining One.
  1663 | D:3      | Found a bloodstained altar of Trog.
  1863 | D:3      | Identified the +1 hand axe of Xom's Hope {heavy, Dex+2}
  1901 | D:3      | Reached skill level 5 in Necromancy
  2396 | D:4      | Reached XP level 5. HP: 24/24 MP: 8/11
  2847 | D:4      | Noticed a water moccasin
  2853 | D:4      | Killed a water moccasin
  2854 | D:4      | Reached XP level 6. HP: 26/28 MP: 5/14
  2861 | D:4      | Reached skill level 6 in Necromancy
  2937 | D:4      | Noticed Menkaure
  3067 | D:4      | Noticed Ijyb
  3090 | D:4      | Slain by Ijyb

Illustrated notes

Levels and vault maps discovered:
D:1:      minmay_arrival_four_houses, layout_basic, minmay_tetromino_l2
D:2:      layout_rooms, dreamdust_ecumenical_altar_grove
D:3:      layout_rooms, mainiacjoe_overflow_catch_the_wave, serial_bayou_lake_a
D:4:      layout_cave_pods, uniq_pikel, uniq_menkaure, uniq_ijyb

Skill      XL: |  1  2  3  4  5  6 |
---------------+-------------------+-----
Spellcasting   | 3 4 |  4.9
Necromancy     | 5 6 |  6.0
Dodging        | |  1.5
Stealth        | |  2.4

Action                     |  1- 3 |  4- 6 || total
---------------------------+-------+-------++-------
  Melee: Unarmed           |     3 |       ||     3
         Short sword       |     2 |    23 ||    25
         Bite              |       |     8 ||     8
         Staff             |       |     1 ||     1
   Cast: Necrotise         |    59 |    83 ||   142
    Use: Scroll            |       |     6 ||     6
         Potion            |       |     3 ||     3
   Stab: Distracted        |     1 |     1 ||     2
 Armour: Robe              |     9 |    35 ||    44
  Dodge: Dodged            |    15 |    30 ||    45
